 Dungeon Crawl Stone Soup version 0.31-a0-256-g80acddb972 (webtiles) character file.

Game seed: 8690701199902310911

6353 qw the Skirmisher (level 10, -1/64 HPs)
             Began as a Gargoyle Hexslinger on July 12, 2023.
             Was an Elder of Okawaru.
             Slain by a vampire (6 damage)
             ... on level 9 of the Dungeon.
             The game lasted 00:03:19 (9022 turns).

qw the Skirmisher (Gargoyle Hexslinger)             Turns: 9022, Time: 00:03:19

Health: -1/64      AC: 12    Str: 13    XL:     10   Next: 96%
Magic:  13/13      EV: 21    Int: 13    God:    Okawaru [****..]
Gold:   165        SH:  0    Dex: 16    Spells: 10/11 levels left

rFire   . . .        l - +1 longbow (heavy)
rCold   . . .        (shield currently unavailable)
rNeg    + . .        h - +0 ring mail
rPois   inf          (no helmet)
rElec   +            (no cloak)
rCorr   .            (no gloves)
SInv    .            (no boots)
Will    .....        j - amulet of faith Stlth
                     g - +5 ring of evasion
HPRegen 0.30/turn    q - +5 ring of evasion
MPRegen 0.13/turn

%: faith
@: confused
A: sickness immunity, AC +7, negative energy resistance 1, electricity
resistance, torment resistance 1, petrification resistance
a: Renounce Religion, Heroism, Finesse


You were on level 9 of the Dungeon.
You worshipped Okawaru.
Okawaru was greatly pleased with you.
You visited 2 branches of the dungeon, and saw 10 of its levels.
You also visited: Sewer.

You collected 561 gold pieces.
You spent 396 gold pieces at shops.


Innate Abilities, Weirdness & Mutations

You are immune to sickness and miasma.
Your stone body is resilient. (AC +7)
You are immune to poison.
You resist negative energy. (rN+)
You are resistant to electric shocks. (rElec)
You are resistant to unholy torment.
You are immune to petrification.


   Skills:
 - Level 8.3 Fighting
 + Level 12.9 Ranged Weapons
 - Level 3.0 Armour
 - Level 3.0 Dodging
 - Level 1.0 Spellcasting
 - Level 2.6 Hexes
 + Level 5.0 Invocations


You had 10 spell levels left.
You knew the following spells:

 Your Spells              Type           Power      Damage    Failure   Level
a - Slow                  Hex            28%        N/A       19%         1

Your spell library contained the following spells:

 Spells                   Type           Power      Damage    Failure   Level
 Inner Flame              Hex/Fire       4%         N/A       69%         3
 Portal Projectile        Hex/Tloc       8%         N/A       69%         3
 Cause Fear               Hex            3%         N/A       88%         4

Inventory:

Hand Weapons
 l - a +1 heavy longbow (weapon)
Armour
 h - a +0 ring mail (worn)
Jewellery
 g - a +5 ring of evasion (left hand)
 i - an amulet of regeneration
 j - an amulet of faith (around neck)
 q - a +5 ring of evasion (right hand)
Scrolls
 a - 3 scrolls of identify
 f - 3 scrolls of teleportation
 k - 2 scrolls of enchant armour
 n - a scroll of brand weapon
Potions
 b - 4 potions of enlightenment
 d - 2 potions of curing
 e - 2 potions of heal wounds
 m - 2 potions of might
 p - a potion of haste

Dungeon Overview and Level Annotations

Branches:
Dungeon (9/15)             Temple (1/1) D:6           Sewer (visited)
   Lair: D:8-11         Orc: D:9-12

Altars:
Ashenzari
Cheibriados
Dithmenos
Elyvilon
Fedhas
Gozag
Hepliaklqana
Kikubaaqudgha
Makhleb
Nemelex Xobeh
Okawaru
Qazlal
Ru
Sif Muna
Trog
Uskayaw
Vehumet
Wu Jian
Xom
Yredelemnul
Zin
The Shining One

Shops:
D:7 =

Annotations:
D:7 1 runed translucent door, Crazy Yiuf


Message History

You shoot an arrow. Something hits you. Something bites you but does no damage.
You shoot an arrow. Something hits you.
Something barely misses you. x2; Something bites you!
You shoot an arrow. Something hits you. Something barely misses you.
You shoot an arrow.
You hear some strange, mumbled words.
Something tries to affect you, but you resist.
Something closely misses you. Something bites you!
You shoot an arrow. Something hits you but does no damage.
Something bites you but does no damage. Something barely misses you.
Something misses you.
You shoot an arrow. Something hits you but does no damage.
Something closely misses you.
You shoot an arrow. Something hits you but does no damage. Something bites you.
Something hits you but does no damage. Something bites you.
You shoot an arrow.
You hear some strange, mumbled words.
Something tries to affect you, but you resist.
You shoot an arrow. Something hits you. Something bites you.
Something completely misses you. Something bites you.
You shoot an arrow.
You hear some strange, mumbled words.
You are confused.
Something completely misses you. Something bites you but does no damage.
You shoot an arrow. Something hits you. Something bites you.
Something hits you but does no damage. Something bites you.
You shoot an arrow.
You hear some strange, mumbled words.
You are more confused.
You shoot an arrow. Something barely misses you.
Something bites you but does no damage. Something barely misses you.
Something closely misses you.
You shoot an arrow. Something hits you.
You die...

#...#..#....######....
#...#..'....#..%......
#...#..#....#...))....
#...........).........
#...........#)).......
#...#######.#))#######
#.....#...#.)..# #
#.....#...'....# #
#....@#####....# #
#....{....#....# #
#.........#....# #
#.........#....# #
#.........#....# #
#.....#####....# #
#...... #....# #
#...... #


There were no monsters in sight!

Vanquished Creatures
  Pikel (D:7)
  A hornet (D:9)
  Sigmund (D:4)
  Eustachio (D:5)
  15 yaks
  An acid dragon (D:8)
  2 water moccasins (D:6)
  2 sky beasts
  An ice beast (D:6)
  2 orc warriors
  2 black bears
  A lemure (D:7)
  A centaur (D:8)
  2 phantoms
  2 kobold brigands
  2 bullfrogs
  7 scorpions
  5 wights (D:7)
  4 howler monkeys
  3 hounds
  5 orc priests
  3 jellies
  Jessica (D:3)
  2 iguanas
  5 sleepcaps
  3 orc wizards
  4 gnolls
  11 adders
  2 river rats (Sewer)
  A shadow imp (D:8)
  A white imp (D:6)
  4 ufetubi
  4 worms
  A dart slug (D:4)
  27 orcs
  6 endoplasms
  2 giant cockroaches
  5 goblins
  5 hobgoblins
  13 jackals
  4 quokkas
  11 ball pythons
  11 bats
  2 frilled lizards (D:1)
  15 kobolds
  6 rats
210 creatures vanquished.

Notes
Turn   | Place    | Note
-------+----------+-------------------------------------------
     0 | D:1      | qw the Gargoyle Hexslinger began the quest for the Orb.
     0 | D:1      | Reached XP level 1. HP: 12/12 MP: 2/2
     0 | D:1      | 0 ||| qw: Version: 0.3-a-52-g30416fa
     0 | D:1      | 0 ||| qw: Game counter: 6728
     0 | D:1      | 0 ||| qw: Melee chars always use a shield: true
     0 | D:1      | 0 ||| qw: God list: Okawaru
     0 | D:1      | 0 ||| qw: Allow faded altars: false
     0 | D:1      | 0 ||| qw: Do Orc after clearing Dungeon:15 true
     0 | D:1      | 0 ||| qw: Do second Lair branch before Depths: true
     0 | D:1      | 0 ||| qw: Lair rune preference: random
     0 | D:1      | 0 ||| qw: Goals: Normal
     0 | D:1      | 0 ||| PLANNING D:1-11
    54 | D:1      | Found a faded altar of an unknown god.
   130 | D:1      | Reached XP level 2. HP: 16/16 MP: 3/3
   350 | D:1      | Reached skill level 3 in Ranged Weapons
   474 | D:1      | Reached XP level 3. HP: 17/21 MP: 4/4
   926 | D:1      | 926 ||| UPGRADING to +0 leather armour.
   936 | D:1      | 936 ||| DROPPING +0 robe.
   937 | D:1      | 937 ||| UPGRADING to +0 ring mail.
   947 | D:1      | 947 ||| DROPPING +0 leather armour.
   948 | D:1      | 948 ||| READING 2 scrolls labelled QUDGHE IDEXUHE.
   949 | D:1      | 949 ||| READING scroll labelled XYGGI TEFUA.
   952 | D:1      | 952 ||| READING 2 scrolls labelled DOSKEO JUOPPAY.
   953 | D:1      | 953 ||| DROPPING scroll of poison.
   995 | D:2      | 995 ||| SWAPPING to +0 shortbow.
   996 | D:2      | 996 ||| DROPPING +1 sling.
  1964 | D:2      | 1964 ||| UPGRADING to +5 ring of evasion.
  1965 | D:2      | 1965 ||| READING scroll labelled SIMEKH PAQYICW.
  1966 | D:2      | 1966 ||| READING scroll labelled GOTIFE BIYZIZ.
  2003 | D:3      | 2003 ||| PLANNING SEWER
  2019 | D:3      | Reached XP level 4. HP: 26/26 MP: 5/5
  2091 | D:3      | Reached skill level 4 in Ranged Weapons
  2214 | D:3      | Noticed Jessica
  2220 | D:3      | Killed Jessica
  2221 | D:3      | Reached skill level 1 in Armour
  2276 | D:3      | Reached XP level 5. HP: 18/30 MP: 6/6
  2510 | D:3      | Found a glowing drain.
  2512 | D:3      | 2512 ||| READING 2 scrolls labelled DOJ TYNUANOCYO.
  2513 | D:3      | 2513 ||| READING scroll labelled XEOZACW ZUWI.
  2514 | D:3      | 2514 ||| DROPPING scroll of immolation.
  2541 | Sewer    | Entered a sewer
  2572 | Sewer    | 2572 ||| Stepping ~*~*~tactically~*~*~ (water).
  2623 | Sewer    | 2623 ||| Stepping ~*~*~tactically~*~*~ (water).
  2780 | Sewer    | Reached skill level 5 in Ranged Weapons
  2834 | Sewer    | 2834 ||| Stepping ~*~*~tactically~*~*~ (water).
  2929 | Sewer    | Reached XP level 6. HP: 28/36 MP: 7/7
  2930 | Sewer    | Reached skill level 3 in Fighting
  3140 | Sewer    | 3140 ||| DRINKING 2 smoky green potions.
  3141 | Sewer    | 3141 ||| DROPPING potion of degeneration.
  3142 | Sewer    | 3142 ||| DROPPING potion of magic.
  3165 | D:3      | 3165 ||| PLANNING D:1-11
  3516 | D:3      | 3516 ||| READING scroll labelled PENWOX KOTI.
  3543 | D:4      | 3543 ||| PLANNING OSSUARY
  3583 | D:4      | 3583 ||| DRINKING potion of curing.
  3583 | D:4      | 3583 ||| (to cure confusion)
  3587 | D:4      | Reached skill level 6 in Ranged Weapons
  3841 | D:4      | 3841 ||| Stepping ~*~*~tactically~*~*~ (outnumbered).
  3848 | D:4      | Reached XP level 7. HP: 26/43 MP: 8/8
  4140 | D:4      | 4140 ||| RIP OSSUARY
  4165 | D:4      | 4165 ||| PLANNING D:1-11
  4415 | D:4      | Reached skill level 7 in Ranged Weapons
  4445 | D:4      | Noticed Sigmund
  4462 | D:4      | Killed Sigmund
  4463 | D:4      | Reached XP level 8. HP: 17/48 MP: 9/9
  4747 | D:4      | 4747 ||| UPGRADING to amulet of regeneration.
  4752 | D:4      | 4752 ||| UPGRADING to amulet of faith.
  4762 | D:4      | 4762 ||| READING scroll labelled ACIMPU QOOTAUFI.
  4789 | D:5      | Entered Level 5 of the Dungeon
  4791 | D:5      | Reached skill level 8 in Ranged Weapons
  4912 | D:5      | Noticed Eustachio
  4914 | D:5      | 4914 ||| Stepping ~*~*~tactically~*~*~ (outnumbered).
  4934 | D:5      | Killed Eustachio
  5374 | D:5      | Reached skill level 9 in Ranged Weapons
  5613 | D:5      | 5613 ||| READING scroll labelled UZUAHI LIRGHOSA.
  5613 | D:5      | Identified a scroll of acquirement
  5613 | D:5      | 5613 ||| ACQUIRING +1 longbow of freezing
  5613 | D:5      | Acquired a +1 longbow of freezing
  5615 | D:5      | 5615 ||| SWAPPING to +1 longbow of freezing.
  5616 | D:5      | 5616 ||| DROPPING +0 heavy shortbow.
  5617 | D:5      | 5617 ||| READING 2 scrolls of brand weapon.
  5617 | D:5      | 5617 ||| BRANDING +1 longbow of freezing.
  5706 | D:6      | Found a staircase to the Ecumenical Temple.
  5707 | D:6      | 5707 ||| PLANNING TEMPLE
  5711 | D:6      | 5711 ||| FLEEEEING.
  5713 | D:6      | 5713 ||| FLEEEEING.
  5714 | D:6      | 5714 ||| FLEEEEING.
  5715 | D:6      | 5715 ||| FLEEEEING.
  5716 | D:6      | 5716 ||| FLEEEEING.
  5717 | D:6      | 5717 ||| FLEEEEING.
  5718 | D:6      | 5718 ||| FLEEEEING.
  5719 | D:6      | 5719 ||| FLEEEEING.
  5720 | D:6      | 5720 ||| FLEEEEING.
  5725 | D:6      | 5725 ||| FLEEEEING.
  5726 | D:6      | 5726 ||| FLEEEEING.
  5728 | D:6      | 5728 ||| FLEEEEING.
  5732 | D:6      | 5732 ||| FLEEEEING.
  5733 | D:6      | 5733 ||| FLEEEEING.
  5734 | D:6      | 5734 ||| FLEEEEING.
  5735 | D:6      | 5735 ||| FLEEEEING.
  5736 | D:6      | 5736 ||| FLEEEEING.
  5737 | D:6      | 5737 ||| FLEEEEING.
  5738 | D:6      | 5738 ||| FLEEEEING.
  5739 | D:6      | 5739 ||| FLEEEEING.
  5740 | D:6      | 5740 ||| FLEEEEING.
  5741 | D:6      | 5741 ||| FLEEEEING.
  5742 | D:6      | 5742 ||| FLEEEEING.
  5743 | D:6      | 5743 ||| FLEEEEING.
  5744 | D:6      | 5744 ||| FLEEEEING.
  5745 | D:6      | 5745 ||| FLEEEEING.
  5746 | D:6      | 5746 ||| FLEEEEING.
  5747 | D:6      | 5747 ||| FLEEEEING.
  5748 | D:6      | 5748 ||| STAIRDANCE
  5752 | D:6      | 5752 ||| STAIRDANCE
  5756 | D:6      | 5756 ||| STAIRDANCE
  5815 | Temple   | Entered the Ecumenical Temple
  5903 | Temple   | 5903 ||| PLANNING OKAWARU WORSHIP
  5966 | Temple   | Became a worshipper of Warmaster Okawaru
  5967 | Temple   | 5967 ||| PLANNING D:1-11
  5995 | D:6      | Found a hazy altar of Hepliaklqana.
  5996 | D:6      | Found a broken altar of Ashenzari.
  6003 | D:6      | Found a shimmering altar of Xom.
  6016 | D:6      | Reached skill level 6 in Fighting
  6037 | D:6      | Found a glowing silver altar of Zin.
  6091 | D:6      | Reached XP level 9. HP: 51/56 MP: 10/10
  6184 | D:6      | Reached * piety under Okawaru
  6203 | D:6      | Reached skill level 1 in Invocations
  6444 | D:6      | Reached skill level 10 in Ranged Weapons
  6569 | D:6      | 6569 ||| DRINKING 2 sapphire potions.
  6570 | D:6      | 6570 ||| DRINKING 3 emerald potions.
  6571 | D:6      | 6571 ||| DRINKING 2 lumpy sapphire potions.
  6572 | D:6      | 6572 ||| DROPPING potion of brilliance.
  6726 | D:7      | Reached skill level 3 in Invocations
  6731 | D:7      | 6731 ||| INVOKING Heroism.
  6740 | D:7      | 6740 ||| FLEEEEING.
  6743 | D:7      | 6743 ||| FLEEEEING.
  6746 | D:7      | 6746 ||| FLEEEEING.
  6747 | D:7      | 6747 ||| FLEEEEING.
  6748 | D:7      | 6748 ||| FLEEEEING.
  6749 | D:7      | 6749 ||| FLEEEEING.
  6750 | D:7      | 6750 ||| FLEEEEING.
  6751 | D:7      | 6751 ||| FLEEEEING.
  6752 | D:7      | 6752 ||| FLEEEEING.
  6753 | D:7      | 6753 ||| FLEEEEING.
  6754 | D:7      | 6754 ||| FLEEEEING.
  6755 | D:7      | 6755 ||| FLEEEEING.
  6756 | D:7      | 6756 ||| FLEEEEING.
  6757 | D:7      | 6757 ||| FLEEEEING.
  6758 | D:7      | 6758 ||| FLEEEEING.
  6759 | D:7      | 6759 ||| FLEEEEING.
  6760 | D:7      | 6760 ||| STAIRDANCE
  6853 | D:6      | 6853 ||| READING scroll labelled MUNOLU REPA.
  6854 | D:6      | 6854 ||| READING 2 scrolls of identify.
  6854 | D:6      | 6854 ||| IDENTIFYING red potion
  6855 | D:6      | 6855 ||| DROPPING potion of lignification.
  6929 | D:7      | 6929 ||| INVOKING Heroism.
  6987 | D:7      | Reached ** piety under Okawaru
  6994 | D:7      | 6994 ||| INVOKING Heroism.
  6996 | D:7      | Reached skill level 11 in Ranged Weapons
  6997 | D:7      | Reached XP level 10. HP: 37/63 MP: 10/13
  7107 | D:7      | Found Puickeamm's Jewellery Shop.
  7188 | D:7      | Reached skill level 3 in Dodging
  7259 | D:7      | Noticed Pikel
  7269 | D:7      | Killed Pikel
  7269 | D:7      | Reached *** piety under Okawaru
  7456 | D:7      | 7456 ||| BUYING +5 ring of evasion (396 gold).
  7456 | D:7      | Bought a +5 ring of evasion for 396 gold pieces
  7456 | D:7      | 7456 ||| SHOPLISTING amulet of reflection (330 gold, have
                  | 123).
  7456 | D:7      | 7456 ||| SHOPLISTING ring of fire (275 gold, have 123).
  7456 | D:7      | 7456 ||| SHOPLISTING ring of the Tortoise {AC+8} (1408
                  | gold, have 123).
  7577 | D:7      | Found a runed translucent door.
  7578 | D:7      | Noticed Crazy Yiuf
  7581 | D:7      | 7581 ||| DROPPING ring of magical power.
  7582 | D:7      | 7582 ||| UPGRADING to +5 ring of evasion.
  7583 | D:7      | 7583 ||| DRINKING 2 purple potions.
  7692 | D:7      | 7692 ||| READING 2 scrolls of identify.
  7692 | D:7      | 7692 ||| IDENTIFYING smoky white potion
  7693 | D:7      | 7693 ||| DROPPING potion of ambrosia.
  7694 | D:7      | 7694 ||| DROPPING potion of berserk rage.
  7754 | D:8      | 7754 ||| INVOKING Heroism.
  7861 | D:8      | 7861 ||| INVOKING Heroism.
  8071 | D:8      | Found an opulent altar of Gozag.
  8072 | D:8      | Found a snail-covered altar of Cheibriados.
  8229 | D:8      | 8229 ||| INVOKING Heroism.
  8234 | D:8      | Reached skill level 12 in Ranged Weapons
  8238 | D:8      | Reached skill level 3 in Armour
  8411 | D:8      | Reached **** piety under Okawaru
  8415 | D:8      | 8415 ||| INVOKING Heroism.
  8813 | D:8      | 8813 ||| DROPPING amulet of guardian spirit.
  8814 | D:8      | 8814 ||| DROPPING ring of wizardry.
  8815 | D:8      | 8815 ||| READING 4 scrolls of identify.
  8815 | D:8      | 8815 ||| IDENTIFYING sedimented silvery potion
  8954 | D:9      | 8954 ||| INVOKING Heroism.
  8976 | D:9      | 8976 ||| Stepping ~*~*~tactically~*~*~ (outnumbered).
  8977 | D:9      | 8977 ||| Stepping ~*~*~tactically~*~*~ (outnumbered).
  8979 | D:9      | 8979 ||| Stepping ~*~*~tactically~*~*~ (outnumbered).
  8982 | D:9      | 8982 ||| Stepping ~*~*~tactically~*~*~ (outnumbered).
  9019 | D:9      | HP: 16/64 [something (3)]
  9019 | D:9      | HP: 4/64 [something (6)]
  9022 | D:9      | Slain by a vampire

Levels and vault maps discovered:
D:1:      lemuel_arrival_hallway, layout_basic, basic_ecumenical_altar,
          grunt_decor_resistance, chequers_serial_rivers_micro_a,
          supply_closet_lemuel
D:2:      layout_basic, serial_forest, infiniplex_forest_straight_2,
          infiniplex_forest_straight_2, infiniplex_forest_clump_C,
          infiniplex_forest_lined_1, infiniplex_forest_straight_1,
          infiniplex_forest_lined_room_3, infiniplex_forest_straight_2,
          infiniplex_forest_clump_curved, infiniplex_forest_3_way,
          infiniplex_forest_end_1, columned_hall_lemuel
D:3:      layout_loops_corners, cheibrodos_sewer_entry_drain, minivault_14,
          uniq_jessica
D:4:      layout_basic, enter_ossuary_5, serial_park_tiny_1,
          minmay_pentomino_pile, uniq_sigmund
D:5:      layout_gridville, dreamdust_princess_bridge, uniq_eustachio
D:6:      layout_basic, nicolae_overflow_macrodata_refinement,
          minmay_temple_entry_purple_smoke, nicolae_the_louvre
D:7:      layout_basic, serial_shops, nicolae_shop_tiny_waterfront, uniq_pikel,
          uniq_crazy_yiuf_cottage
D:8:      layout_loops_cross, gammafunk_temple_overflow_statue, minivault_24,
          roderic_serpentine_path
D:9:      layout_grid_maze
Temple:   regret_index_temple_sphere_string

Skill      XL: |  1  2  3  4  5  6  7  8  9 10 |
---------------+-------------------------------+-----
Ranged Weapons | 3 4 5 6 7 9 11 12 | 12.9
Fighting       | 2 4 6 7 8 |  8.3
Armour         | 1 2 3 |  3.0
Dodging        | 2 3 |  3.0
Invocations    | 4 5 |  5.0
Spellcasting   | |  1.0
Hexes          | |  2.6

Action                     |  1- 3 |  4- 6 |  7- 9 | 10-12 || total
---------------------------+-------+-------+-------+-------++-------
   Fire: Sling             |    53 |       |       |       ||    53
         Shortbow          |    57 |   199 |   154 |       ||   410
         Longbow           |       |       |    94 |   126 ||   220
 Invoke: Heroism           |       |       |     3 |     5 ||     8
    Use: Scroll            |     5 |     3 |     5 |     2 ||    15
         Potion            |       |     2 |     3 |     1 ||     6
 Armour: Robe              |     8 |       |       |       ||     8
         Ring mail         |     5 |   100 |   123 |    33 ||   261
  Dodge: Dodged            |    19 |   188 |   212 |    68 ||   487

Table legend:
 A = Non-vault XP
 B = Vault XP
 C = Vault XP percentage of total XP
 D = Non-vault monster count
 E = Vault monster count
 F = Vault count percentage of total count
                 A         B        C        D         E       F
            +---------+---------+-------+---------+---------+-------
      Total |    7618 |    1458 |  16.1 |     172 |      37 |  17.7
            +---------+---------+-------+---------+---------+-------
        D:1 |      38 |       0 |   0.0 |      17 |       0 |   0.0
        D:2 |      42 |       0 |   0.0 |      15 |       0 |   0.0
        D:3 |     151 |      43 |  22.2 |      24 |       3 |  11.1
        D:4 |     432 |     406 |  48.4 |      22 |       6 |  21.4
        D:5 |     679 |     203 |  23.0 |      22 |       1 |   4.3
        D:6 |     893 |       0 |   0.0 |      13 |       0 |   0.0
        D:7 |    1767 |     663 |  27.3 |      21 |       1 |   4.5
        D:8 |    3074 |       0 |   0.0 |      27 |       0 |   0.0
        D:9 |     542 |       0 |   0.0 |      11 |       0 |   0.0
      Sewer |       0 |     143 | 100.0 |       0 |      26 | 100.0
            +---------+---------+-------+---------+---------+-------
